 Dungeon Crawl Stone Soup version 0.27.1-34-g3ba077fa99 (webtiles) character file.

Game seed: 11840822334805330457

77 cbfl8 the Covered (level 4, 0/40 HPs)
             Began as a Minotaur Fighter on Jan 13, 2022.
             Was a Believer of Fedhas.
             Frozen to death by an endoplasm (5 damage)
             ... on level 2 of the Dungeon.
             The game lasted 00:08:52 (2837 turns).

cbfl8 the Covered (Minotaur Fighter)                Turns: 2837, Time: 00:08:53

Health: 0/40       AC:  7    Str: 20    XL:     4   Next: 13%
Magic:  0/3        EV:  7    Int:  6    God:    Fedhas [**....]
Gold:   43         SH:  9    Dex: 10    Spells: 1/3 levels left

rFire    . . .     SeeInvis .   a - +0 trident
rCold    . . .     Faith    .   c - +0 kite shield
rNeg     . . .     Spirit   .   b - +0 scale mail
rPois    .         Reflect  .   (helmet restricted)
rElec    .         Harm     .   (no cloak)
rCorr    .         Rampage  .   (no gloves)
Will     .....                  (no boots)
Stlth    ..........             (no amulet)
HPRegen  0.13/turn              (no ring)
MPRegen  0.08/turn              (no ring)

@: lethally poisoned (0 -> -5)
A: horns 2, retaliatory headbutt
a: Renounce Religion, Wall of Briars


You were on level 2 of the Dungeon.
You worshipped Fedhas.
Fedhas was pleased with you.
You visited 1 branch of the dungeon, and saw 2 of its levels.

You collected 43 gold pieces.

Inventory:

Hand Weapons
 a - a +0 trident (weapon)
 e - a +0 mace
 g - a +0 club
 k - a +0 dagger
 m - a +0 dagger
Missiles
 i - 80 stones (quivered)
Armour
 b - a +0 scale mail (worn)
 c - a +0 kite shield (worn)
 l - a +0 ring mail
 p - a +0 scale mail
Scrolls
 h - 2 scrolls of torment {unknown}
 o - 4 scrolls of identify {unknown}
Potions
 d - a potion of might
 f - a potion of ambrosia {unknown}
 j - a potion of haste {unknown}
 n - a potion of curing {unknown}


   Skills:
 + Level 4.1 Fighting
 + Level 3.8 Polearms
 + Level 4.2 Armour
 + Level 0.2 Dodging
 + Level 4.1 Shields


You had one spell level left.
You knew the following spells:

 Your Spells              Type           Power      Damage    Failure   Level
a - Ensorcelled Hibernat  Hex/Ice        0%         N/A       100%        2

Your spell library contained the following spells:

 Spells                   Type           Power      Damage    Failure   Level
 Blink                    Tloc           N/A        N/A       100%        2
 Lesser Beckoning         Tloc           0%         N/A       100%        3
 Spider Form              Tmut/Pois      0%         N/A       100%        3
 Manifold Assault         Tloc           0%         N/A       100%        5
 Shadow Creatures         Summ           N/A        N/A       100%        6


Dungeon Overview and Level Annotations

Branches:
Dungeon (2/15)

Altars:
Fedhas

Shops:
D:1 *


Innate Abilities, Weirdness & Mutations

You have a pair of horns on your head.
You reflexively headbutt those who attack you in melee.


Message History

The adder is almost dead.
You feel sick. You block the adder's attack.
The endoplasm hits you but does no damage.
The adder bites you. The endoplasm freezes you.
You are frozen.
You miss the adder.
The adder is almost dead.
You feel sick. The adder bites you but does no damage.
The endoplasm freezes you.
You are frozen.
The adder barely misses you.
You closely miss the adder.
You headbutt the adder, but do no damage.
The adder is almost dead.
You feel sick. You block the adder's attack. The endoplasm freezes you.
You are frozen.
You miss the adder. Your headbutt misses the adder.
The adder is almost dead.
You feel sick.
You are no longer poisoned.
You block the adder's attack.
The endoplasm hits you but does no damage.
The adder bites you but does no damage.
A briar patch grows up from the ground. x4; You block the endoplasm's attack.
The adder bites you.
* * * LOW HITPOINT WARNING * * *
You are poisoned.
The adder poisons you!
You hit the adder.
You kill the adder!
Fedhas appreciates your contribution to the ecosystem.
You feel sick. The endoplasm freezes you.
You are frozen.
* * * LOW HITPOINT WARNING * * *
The endoplasm freezes you.
You are frozen.
You die...
Fedhas appreciates your contribution to the ecosystem.

##...# ###.#####
#.....# .......##
.......## ........
.......<## #......
........'. #.#...#
........## #
#.....# .......##
.#.#.#PJP# #.JOJ.#
......†@P# #
##...#
##.#.##P##.# ##'#
#.........# #.#
######.#########.#
#.# #.......## #.#
#.##.....## #.#
#.##...†..# #.#
#.# #...#####
#.###.##.##.......


You could see an endoplasm (ally target).

Vanquished Creatures
  Terence (D:2)
  An adder (D:2)
  A dart slug (D:1)
  A bat (D:2)
  4 endoplasms
  A giant cockroach (D:1)
  5 goblins
  7 hobgoblins
  2 jackals (D:1)
  2 kobolds (D:1)
  6 quokkas
  4 ball pythons
  4 frilled lizards (D:1)
  8 rats
47 creatures vanquished.

Notes
Turn   | Place    | Note
-------+----------+-------------------------------------------
     0 | D:1      | cbfl8 the Minotaur Fighter began the quest for the Orb.
     0 | D:1      | Reached XP level 1. HP: 19/19 MP: 0/0
   457 | D:1      | Reached XP level 2. HP: 25/27 MP: 1/1
   636 | D:1      | Found a faded altar of an unknown god.
   927 | D:1      | Became a worshipper of Fedhas Madash
   927 | D:1      | Reached * piety under Fedhas
   948 | D:1      | Found Hiese's Assorted Antiques.
  1106 | D:1      | Reached XP level 3. HP: 32/33 MP: 2/2
  1176 | D:1      | Learned a level 2 spell: Ensorcelled Hibernation
  1630 | D:2      | Noticed an ogre
  2182 | D:2      | Noticed Terence
  2196 | D:2      | Killed Terence
  2196 | D:2      | Reached ** piety under Fedhas
  2197 | D:2      | Reached XP level 4. HP: 14/40 MP: 3/3
  2837 | D:2      | Frozen to death by an endoplasm

Illustrated notes

Levels and vault maps discovered:
D:1:      mrwooster_arrival_arrow, layout_basic, serial_shops,
          nicolae_diamond_shop, hellmonk_ecumenical_altar_pennies_from_heaven,
          kennysheep_decorative_pillar, minmay_strange_pillars,
          minmay_tetromino_t4
D:2:      layout_loops_corners, uniq_terence

Skill      XL: |  1  2  3 |
---------------+----------+-----
Armour         | 4 |  4.2
Fighting       | 4 |  4.1
Polearms       | 3 |  3.8
Shields        | 4 |  4.1
Dodging        | |  0.2

Action                   |  1- 3 |  4- 6 || total
-------------------------+-------+-------++-------
Melee: Trident           |    66 |    23 ||    89
       Headbutt          |    11 |     1 ||    12
Invok: Wall of Briars    |       |     1 ||     1
Armor: Scale mail        |    28 |     9 ||    37
Dodge: Dodged            |    18 |     7 ||    25
Block: Kite shield       |    37 |    15 ||    52
